 Dungeon Crawl Stone Soup version 0.31.0-32-g396128a36d (webtiles) character file.

Game seed: 12762241961340908924

27011 Rangus the Basher (level 13, -4/104 HPs)
             Began as a Gnoll Wanderer on Mar 31, 2024.
             Was an Elder of Okawaru.
             Killed by psychic fangs
             ... invoked by a neqoxec
             ... summoned by an orc high priest
              (7 damage)
             ... on level 2 of the Orcish Mines.
             The game lasted 00:46:09 (16386 turns).

Rangus the Basher (Gnoll Wanderer)                 Turns: 16386, Time: 00:46:10

Health: -4/104     AC: 18    Str: 18    XL:     13   Next: 29%
Magic:  25/26      EV: 17    Int: 11    God:    Okawaru [****..]
Gold:   417        SH: 13    Dex: 25    Spells: 29/30 levels left

rFire   + + .        R - +1 whip of Adverse Possession {flame, rPois rCorr}
rCold   x . .        F - +0 buckler
rNeg    . . .        n - +5 ring mail of the Robin {rF+ Int+2}
rPois   +            O - +0 hat {SInv}
rElec   .            h - +2 cloak
rCorr   +            s - +2 pair of gloves
SInv    +            (no boots)
Will    .....        M - amulet of Ephemeral Luck {Reflect Str+6 SH+5}
Stlth   ++++         B - ring of fire
HPRegen 0.37/turn    l - +6 ring of dexterity
MPRegen 0.20/turn

%: reflection
@: on berserk cooldown, hasted and slowed
A: fangs 1, strong nose, distributed training
a: Renounce Religion, Heroism, Finesse


You were on level 2 of the Orcish Mines.
You worshipped Okawaru.
Okawaru was greatly pleased with you.
You visited 4 branches of the dungeon, and saw 13 of its levels.
You also visited: Ossuary and Volcano.

You collected 1256 gold pieces.
You spent 839 gold pieces at shops.

Inventory:

Hand Weapons
 a - a +7 mace of freezing
 R - the +1 whip of Adverse Possession (weapon) {flame, rPois rCorr}
   (You bought it in a shop on level 2 of the Orcish Mines)

   rPois:     It protects you from poison rCorr: It protects you from acid and
   corrosion.
Missiles
 b - 16 boomerangs (quivered)
 t - 2 silver javelins
 J - a dart of dispersal
 Q - 2 datura-tipped darts
Armour
 h - a +2 cloak (worn)
 n - the +5 ring mail of the Robin (worn) {rF+ Int+2}
   (You found it on level 3 of the Dungeon)

   Int+2:     It affects your intelligence (+2).
   rF+:       It protects you from fire.
 s - a +2 pair of gloves (worn)
 F - a +0 buckler (worn)
 O - a +0 hat of see invisible (worn)
Jewellery
 k - a ring of positive energy
 l - a +6 ring of dexterity (right hand)
 B - a ring of fire (left hand)
 C - a ring of resist corrosion
 G - an amulet of regeneration
 M - the amulet of Ephemeral Luck (around neck) {Reflect Str+6 SH+5}
   (You bought it in a shop on level 8 of the Dungeon)

   [amulet of reflection]

   Reflect:   It reflects blocked missile attacks.
   Str+6:     It affects your strength (+6).
   SH+5:      It affects your SH (+5).
 S - a +5 ring of evasion
Wands
 r - a wand of mindburst (5)
 H - a wand of iceblast (8)
 I - a wand of flame (12)
 K - a wand of quicksilver (4)
 N - a wand of paralysis (3)
Scrolls
 d - 4 scrolls of fog
 i - a scroll of vulnerability
 j - 7 scrolls of amnesia
 u - 2 scrolls of enchant armour
 w - a scroll of enchant weapon
 y - a scroll of teleportation
 L - 2 scrolls of immolation
Potions
 g - 2 potions of heal wounds {unknown}
 m - 2 potions of curing
 o - a potion of haste
 p - 3 potions of attraction
 q - 2 potions of lignification {unknown}
 v - 2 potions of invisibility
 x - a potion of enlightenment
 z - a potion of magic {unknown}
 A - a potion of cancellation {unknown}
 E - a potion of brilliance {unknown}


   Skills:
 + Level 10.7 Fighting
 + Level 8.4 Short Blades
 + Level 8.4 Long Blades
 + Level 8.4 Axes
 + Level 10.7 Maces & Flails
 + Level 8.4 Polearms
 + Level 8.4 Staves
 + Level 8.4 Ranged Weapons
 + Level 8.9 Throwing
 + Level 8.4 Armour
 + Level 8.4 Dodging
 + Level 8.8 Stealth
 + Level 8.4 Shields
 + Level 8.4 Unarmed Combat
 + Level 9.0 Spellcasting
 + Level 7.0 Conjurations
 + Level 7.0 Hexes
 + Level 7.0 Summonings
 + Level 7.0 Necromancy
 + Level 7.0 Translocations
 + Level 7.0 Fire Magic
 + Level 7.0 Ice Magic
 + Level 7.0 Air Magic
 + Level 7.0 Earth Magic
 + Level 7.0 Alchemy
 + Level 9.2 Invocations
 + Level 8.9 Evocations
 + Level 7.7 Shapeshifting


You had 29 spell levels left.
You knew the following spells:

 Your Spells              Type           Power      Damage    Failure   Level
a - Sandblast             Erth           40%        2d10      1%          1

Your spell library contained the following spells:

 Spells                   Type           Power      Damage    Failure   Level
 Cigotuvi's Dreadful Rot  Necr/Alch/Air  40%        N/A       2%          2
 Hailstorm                Conj/Ice       20%        3d7       4%          3
 Passwall                 Erth           20%        N/A       4%          3
 Stone Arrow              Conj/Erth      40%        3d9       4%          3
 Brom's Barrelling Bould  Conj/Erth      20%        2d4       16%         4
 Dispel Undead            Necr           20%        3d11      16%         4
 Alistair's Intoxication  Alch           13%        N/A       38%         5
 Borgnjor's Vile Clutch   Necr/Erth      10%        N/A       38%         5
 Lee's Rapid Deconstruct  Erth           10%        3d8*      38%         5
 Eringya's Noxious Bog    Alch           10%        4d6       93%         6
 Summon Ice Beast         Ice/Summ       Unusable   N/A       N/A         3
 Animate Armour           Summ/Erth      Unusable   N/A       N/A         4
 Martyr's Knell           Necr/Summ      Unusable   N/A       N/A         4
 Summon Lightning Spire   Summ/Air       Unusable   N/A       N/A         4
 Death Channel            Necr           Unusable   N/A       N/A         6
 Sculpt Simulacrum        Ice/Alch       Unusable   N/A       N/A         6

Dungeon Overview and Level Annotations

Branches:
Dungeon (9/15)             Temple (1/1) D:4            Lair (1/5) D:8
    Orc (2/2) D:9         Ossuary (visited)         Volcano (visited)
    Elf: Orc:2

Altars:
Ashenzari
Cheibriados
Dithmenos
Elyvilon
Fedhas
Gozag
Hepliaklqana
Kikubaaqudgha
Makhleb
Nemelex Xobeh
Okawaru
Qazlal
Ru
Sif Muna
Trog
Uskayaw
Vehumet
Wu Jian
Xom
Yredelemnul
Zin
The Shining One

Shops:
D:8 =   Orc:2 (


Innate Abilities, Weirdness & Mutations

You have very sharp teeth.
Your uncanny sense of smell can sniff out nearby items.
Your experience applies equally to all skills.


Message History

The orc warlord is almost dead.
You block the sixfirhy's attack. The orc warlord blocks your attack.
The orc warlord is almost dead.
You block the sixfirhy's attack. The orc warlord misses you.
The orc warrior hits you with a +1 trident of protection!
* * * LOW HITPOINT WARNING * * *
The orc completely misses you. You block the orc's attack.
The ynoxinul gestures.
You whack the orc warlord! You burn the orc warlord.
You kill the orc warlord!
Okawaru accepts your kill.
You feel like a meek peon again.
Your Spellcasting skill increases to level 9!
You are too berserk!
You block the orc warrior's attack.
The ynoxinul gestures.
You feel a strong urge to attack something.
You are no longer berserk.
You are exhausted.
You feel yourself slow down.
You feel yourself speed up. You block the sixfirhy's attack.
An orc warrior comes into view. It is wielding a +0 halberd.
The sixfirhy hits you but does no damage.
The orc high priest calls down the wrath of Beogh upon you.
Beogh smites you!
* * * LOW HITPOINT WARNING * * *
You block the orc warrior's attack. The orc closely misses you.
The orc warrior shouts!
You block the sixfirhy's attack. x2; The sixfirhy closely misses you.
The orc high priest mumbles some strange prayers to Beogh.
The orc completely misses you.
You hear a shout!
Things that are here:
a +0 leather armour; a +0 flail The ynoxinul disappears in a puff of smoke!
The ufetubus disappears in a puff of smoke! x4
The neqoxec gestures at you. Something gnaws on your mind!
You die...

##............ ##.............
##........^.....
#####...............
#.##...)......##....
#.......))....#####.
#........)..)## #.
.############....[#..)))..# ####
...............@.##...[...###...
..........)..oo###.........##...
......[.....))3.##.#.......#....
......[......o§5.####...........
..........oo§.).## #...........
.........4[..[#### ##.##.......
..........o.3.##.## #.##.......
..................# ###.......#
.................## ##.....##


You could see an orc high priest (strong), an ice devil (summoned), a sixfirhy
(summoned), a neqoxec (summoned), 2 orc warriors and 3 orcs.

Vanquished Creatures
  Gastronok (Orc:1)
  An orc warlord (Orc:2)
  Erica (Orc:1)
  An ogre mage (Orc:1)
  3 two-headed ogres (Orc:1)
  A lindwurm (Volcano)
  An obsidian statue (Volcano)
  A deep elf pyromancer (D:9)
  Pikel (D:8)
  A harpy (shapeshifter) (D:9)
  2 orc knights (Orc:2)
  3 cyclopes (D:9)
  A manticore (D:9)
  A salamander (shapeshifter) (D:9)
  2 kobold blastminers (Orc:1)
  Maurice (Orc:1)
  Joseph (D:8)
  A cane toad (Lair:1)
  3 komodo dragons (Lair:1)
  2 tengu conjurers (D:9)
  2 trolls
  A hornet (D:9)
  3 blink frogs (Lair:1)
  Sigmund (D:4)
  A wyvern (D:9)
  7 fire bats (Volcano)
  9 yaks
  Grum (D:8)
  Eustachio (D:4)
  2 steam dragons
  An acid dragon (D:9)
  A hell hound (Volcano)
  20 orc warriors
  An ice beast (D:5)
  5 water moccasins
  2 black bears (Lair:1)
  A sky beast (D:8)
  A boggart (D:9)
  13 wolves
  2 centaurs (D:9)
  11 ogres
  2 phantoms
  2 kobold brigands (D:9)
  4 elf zombies (Ossuary)
  6 bullfrogs
  6 scorpions
  7 wights
  4 killer bees (D:8)
  2 electric eels
  2 howler monkeys
  4 lava snakes
  2 bombardier beetles
  2 centaur zombies (Ossuary)
  3 hounds
  23 orc priests
  3 gnoll boudas
  Ijyb (D:3)
  Natasha (thrice) (D:4)
  27 orc wizards
  6 iguanas
  3 hound zombies (Ossuary)
  2 mummies (Ossuary)
  14 gnolls
  8 adders
  A shadow imp (D:7)
  2 white imps
  8 adder zombies (Ossuary)
  2 dart slugs
  A ribbon worm (D:2)
  39 orcs
  4 endoplasms
  2 giant cockroaches
  3 goblins
  7 hobgoblins
  2 jackals (D:1)
  11 kobolds
  5 quokkas
  3 ball pythons
  4 bats
  A frilled lizard (D:2)
  5 gnoll zombies (Ossuary)
  5 jackal zombies (Ossuary)
  5 kobold zombies (Ossuary)
  5 orc zombies (Ossuary)
  3 rats
369 creatures vanquished.

Vanquished Creatures (others)
  A hell hog (Volcano)
  An orc (Orc:2)
2 creatures vanquished.

Grand Total: 371 creatures vanquished

Notes
Turn   | Place    | Note
-------+----------+-------------------------------------------
     0 | D:1      | Rangus the Gnoll Wanderer began the quest for the Orb.
     0 | D:1      | Rangus set off with the following items: a +3 mace, 9
                  | boomerangs, a +0 dagger, a scroll of fog, a +0 robe.
     0 | D:1      | Reached XP level 1. HP: 23/23 MP: 4/4
   180 | D:1      | Reached XP level 2. HP: 29/29 MP: 5/5
   773 | D:1      | Reached XP level 3. HP: 35/35 MP: 7/7
   938 | D:2      | Reached skill level 1 in Invocations
  1249 | D:2      | Reached skill level 1 in Short Blades
  1249 | D:2      | Reached skill level 1 in Long Blades
  1249 | D:2      | Reached skill level 1 in Axes
  1249 | D:2      | Reached skill level 1 in Polearms
  1249 | D:2      | Reached skill level 1 in Staves
  1249 | D:2      | Reached skill level 1 in Ranged Weapons
  1249 | D:2      | Reached skill level 1 in Armour
  1249 | D:2      | Reached skill level 1 in Dodging
  1249 | D:2      | Reached skill level 1 in Shields
  1249 | D:2      | Reached skill level 1 in Unarmed Combat
  1631 | D:3      | Identified the +5 ring mail of the Robin {rF+ Int+2}
  1803 | D:3      | Reached skill level 1 in Shapeshifting
  1803 | D:3      | Reached XP level 4. HP: 41/41 MP: 8/8
  1885 | D:3      | Noticed Ijyb
  1896 | D:3      | Killed Ijyb
  1897 | D:3      | Reached skill level 1 in Conjurations
  1897 | D:3      | Reached skill level 1 in Hexes
  1897 | D:3      | Reached skill level 1 in Summonings
  1897 | D:3      | Reached skill level 1 in Necromancy
  1897 | D:3      | Reached skill level 1 in Translocations
  1897 | D:3      | Reached skill level 1 in Fire Magic
  1897 | D:3      | Reached skill level 1 in Ice Magic
  1897 | D:3      | Reached skill level 1 in Air Magic
  1897 | D:3      | Reached skill level 1 in Earth Magic
  1897 | D:3      | Reached skill level 1 in Alchemy
  2435 | D:4      | Reached XP level 5. HP: 47/47 MP: 9/9
  2622 | D:4      | Noticed Sigmund
  2649 | D:4      | Noticed a phantom
  2736 | D:4      | Noticed Eustachio
  2758 | D:4      | Killed Eustachio
  2759 | D:4      | Reached XP level 6. HP: 41/53 MP: 9/11
  2873 | D:4      | Found a staircase to the Ecumenical Temple.
  2894 | Temple   | Entered the Ecumenical Temple
  2909 | Temple   | Became a worshipper of Warmaster Okawaru
  2934 | D:4      | Killed Sigmund
  2935 | D:4      | Reached XP level 7. HP: 52/60 MP: 12/12
  3238 | D:4      | Noticed Natasha
  3247 | D:4      | Killed Natasha
  3566 | D:4      | Found a staircase to the Ecumenical Temple.
  4110 | D:4      | Noticed Natasha
  4116 | D:4      | Killed Natasha
  4125 | D:4      | Noticed Natasha
  4130 | D:4      | Killed Natasha
  4243 | D:4      | Found a staircase to the Ecumenical Temple.
  5012 | D:5      | Entered Level 5 of the Dungeon
  5087 | D:5      | Found a sand-covered staircase.
  5103 | Ossuary  | Entered an ossuary
  5194 | Ossuary  | Reached XP level 8. HP: 61/67 MP: 14/14
  5366 | Ossuary  | Reached * piety under Okawaru
  5764 | D:5      | Reached ** piety under Okawaru
  5773 | D:5      | Reached XP level 9. HP: 68/73 MP: 16/16
  6064 | D:5      | Reached skill level 5 in Spellcasting
  6331 | D:6      | You fall into a shaft and drop 2 floors!
  6422 | D:7      | Reached skill level 5 in Throwing
  6422 | D:7      | Reached skill level 5 in Evocations
  6646 | D:6      | Found a sacrificial altar of Ru.
  6761 | D:6      | Reached skill level 5 in Stealth
  7505 | D:7      | Reached skill level 5 in Invocations
  7755 | D:7      | Reached *** piety under Okawaru
  8172 | D:8      | Noticed Grum
  8533 | D:8      | Reached skill level 5 in Short Blades
  8533 | D:8      | Reached skill level 5 in Long Blades
  8533 | D:8      | Reached skill level 5 in Axes
  8533 | D:8      | Reached skill level 5 in Polearms
  8533 | D:8      | Reached skill level 5 in Staves
  8533 | D:8      | Reached skill level 5 in Ranged Weapons
  8533 | D:8      | Reached skill level 5 in Armour
  8533 | D:8      | Reached skill level 5 in Dodging
  8533 | D:8      | Reached skill level 5 in Shields
  8533 | D:8      | Reached skill level 5 in Unarmed Combat
  8533 | D:8      | Reached XP level 10. HP: 81/81 MP: 18/18
  8604 | D:8      | Killed Grum
  8815 | D:8      | Found Fabecam's Jewellery Emporium.
  9065 | D:8      | Found a staircase to the Lair.
  9084 | D:8      | Noticed Joseph
  9112 | D:8      | Killed Joseph
  9323 | D:8      | Noticed Pikel
  9351 | D:8      | Killed Pikel
  9352 | D:8      | Reached skill level 5 in Shapeshifting
  9610 | D:9      | Reached **** piety under Okawaru
  9762 | D:9      | Found a staircase to the Orcish Mines.
 10267 | D:9      | Noticed a cyclops
 10283 | D:9      | Killed a cyclops
 10284 | D:9      | Reached skill level 5 in Conjurations
 10284 | D:9      | Reached skill level 5 in Hexes
 10284 | D:9      | Reached skill level 5 in Summonings
 10284 | D:9      | Reached skill level 5 in Necromancy
 10284 | D:9      | Reached skill level 5 in Translocations
 10284 | D:9      | Reached skill level 5 in Fire Magic
 10284 | D:9      | Reached skill level 5 in Ice Magic
 10284 | D:9      | Reached skill level 5 in Air Magic
 10284 | D:9      | Reached skill level 5 in Earth Magic
 10284 | D:9      | Reached skill level 5 in Alchemy
 10369 | D:9      | Reached XP level 11. HP: 75/89 MP: 21/21
 10594 | D:9      | Noticed a cyclops
 10672 | Lair:1   | Entered Level 1 of the Lair of Beasts
 10878 | Lair:1   | Reached ***** piety under Okawaru
 11369 | Lair:1   | Received a gift from Okawaru
 11875 | Lair:1   | Identified the +1 robe of the Tormentor {rC+ rN++ Dex-4
                  | Stlth+}
 12764 | D:8      | Learned a level 1 spell: Sandblast
 12770 | D:9      | Noticed a harpy
 12777 | D:9      | Noticed a deep elf pyromancer
 12783 | D:9      | Killed a harpy
 12795 | D:9      | Noticed a salamander
 12797 | D:9      | Killed a deep elf pyromancer
 12807 | D:9      | Killed a salamander
 12807 | D:9      | Received a gift from Okawaru
 12812 | D:9      | Killed a cyclops
 12839 | D:9      | Noticed a cyclops
 12847 | D:9      | Killed a cyclops
 12848 | D:9      | Reached XP level 12. HP: 86/97 MP: 23/23
 12883 | D:9      | Identified the +4 spear "Nodebru" {flame, *Noise Will+++
                  | Str+5}
 13353 | Orc:1    | Entered Level 1 of the Orcish Mines
 13353 | Orc:1    | Noticed Gastronok
 13353 | Orc:1    | Noticed Maurice
 13382 | Orc:1    | Killed Gastronok
 13383 | Orc:1    | Reached skill level 10 in Fighting
 13383 | Orc:1    | Reached skill level 10 in Maces & Flails
 13396 | Orc:1    | Paralysed by Maurice for 2 turns
 13406 | Orc:1    | Paralysed by Maurice for 5 turns
 13409 | Orc:1    | Maurice stole a tin of tremorstones (2/2)
 13412 | Orc:1    | Maurice stole 2 silver javelins
 13424 | Orc:1    | Paralysed by Maurice for 4 turns
 13430 | Orc:1    | Killed Maurice
 13497 | Orc:1    | Noticed a two-headed ogre
 13498 | Orc:1    | Noticed an ogre mage
 13498 | Orc:1    | Noticed a two-headed ogre
 13498 | Orc:1    | Noticed a two-headed ogre
 13507 | Orc:1    | Killed a two-headed ogre
 13515 | Orc:1    | Killed a two-headed ogre
 13522 | Orc:1    | Killed a two-headed ogre
 13534 | Orc:1    | Killed an ogre mage
 13534 | Orc:1    | Received a gift from Okawaru
 13544 | Orc:1    | Found a dark tunnel.
 13554 | Volcano  | Entered a volcano
 13799 | Volcano  | Found a radiant altar of Vehumet.
 13799 | Volcano  | Noticed a hell hog
 13819 | Volcano  | Killed a hell hog
 13845 | Volcano  | Noticed a sun demon
 13992 | D:8      | Bought the amulet of Ephemeral Luck {Reflect Str+6 SH+5}
                  | for 644 gold pieces
 14173 | Orc:2    | Entered Level 2 of the Orcish Mines
 14175 | Orc:2    | Found Joer's Antique Weapon Emporium.
 14205 | Orc:2    | Found a bloodstained altar of Trog.
 14402 | Orc:2    | Reached XP level 13. HP: 42/104 MP: 19/25
 14547 | Orc:2    | Bought a smoking whip for 195 gold pieces
 14547 | Orc:2    | Identified the +1 whip of Adverse Possession {flame, rPois
                  | rCorr} (You bought it in a shop on level 2 of the Orcish
                  | Mines)
 15590 | Orc:1    | Noticed Erica
 15614 | Orc:1    | Killed Erica
 16314 | Orc:2    | Noticed an orc warlord
 16381 | Orc:2    | Killed an orc warlord
 16384 | Orc:2    | HP: 2/104 [orc high priest/divine providence (13)]
 16386 | Orc:2    | Killed from afar by a neqoxec

Illustrated notes

Levels and vault maps discovered:
D:1:      lightli_molten_gateway, layout_loops_corners, palyth_stone_intersect
D:2:      layout_rooms
D:3:      layout_basic, hangedman_glass_teeth, hex_intersection,
          kennysheep_generic_room_5, uniq_ijyb
D:4:      layout_gridville, minmay_temple_entry_large_hall, uniq_natasha,
          uniq_sigmund, uniq_eustachio
D:5:      layout_loops_ring, enter_ossuary_1, nicolae_fountain_basement
D:6:      layout_loops_ring, mainiacjoe_overflow_brackets,
          minmay_misc_feat_hallway
D:7:      layout_loops_ring, kennysheep_big_empty_room
D:8:      layout_basic, serial_shops, nicolae_shop_rolling_square, uniq_grum,
          uniq_joseph, uniq_pikel
D:9:      minmay_blocky_corners, layout_small_grid,
          minmay_orc_entry_temple_small, minmay_pinched_square
Temple:   nicolae_temple_the_god_donut
Lair:1:   layout_cellular_growth, chequers_serial_rivers_room_b,
          beast_lair_carwin_4, grunt_megastairs_2, serial_bayou_shore_a
Orc:1:    layout_caves, enter_volcano_2, uniq_gastronok, uniq_maurice,
          uniq_erica
Orc:2:    st_orc_congregation, layout_diamond_mine, serial_shops, shop,
          basic_altar, nicolae_alphabet_shops

Skill      XL: |  1  2  3  4  5  6  7  8  9 10 11 12 13 |
---------------+----------------------------------------+-----
Invocations    | 1 2 3 4 5 6 7 8 9 |  9.2
Short Blades   | 1 2 3 5 6 7 8 |  8.4
Long Blades    | 1 2 3 5 6 7 8 |  8.4
Axes           | 1 2 3 5 6 7 8 |  8.4
Polearms       | 1 2 3 5 6 7 8 |  8.4
Staves         | 1 2 3 5 6 7 8 |  8.4
Ranged Weapons | 1 2 3 5 6 7 8 |  8.4
Armour         | 1 2 3 5 6 7 8 |  8.4
Dodging        | 1 2 3 5 6 7 8 |  8.4
Shields        | 1 2 3 5 6 7 8 |  8.4
Unarmed Combat | 1 2 3 5 6 7 8 |  8.4
Shapeshifting  | 1 2 3 4 5 6 7 |  7.7
Spellcasting   | 3 4 5 6 7 8 9 |  9.0
Conjurations   | 1 2 3 4 5 6 7 |  7.0
Hexes          | 1 2 3 4 5 6 7 |  7.0
Summonings     | 1 2 3 4 5 6 7 |  7.0
Necromancy     | 1 2 3 4 5 6 7 |  7.0
Translocations | 1 2 3 4 5 6 7 |  7.0
Fire Magic     | 1 2 3 4 5 6 7 |  7.0
Ice Magic      | 1 2 3 4 5 6 7 |  7.0
Air Magic      | 1 2 3 4 5 6 7 |  7.0
Earth Magic    | 1 2 3 4 5 6 7 |  7.0
Alchemy        | 1 2 3 4 5 6 7 |  7.0
Throwing       | 3 4 5 6 7 8 |  8.9
Evocations     | 3 4 5 6 7 8 |  8.9
Stealth        | 3 4 5 6 7 8 |  8.8
Fighting       | 7 8 9 10 | 10.7
Maces & Flails | 7 8 9 10 | 10.7

Action                     |  1- 3 |  4- 6 |  7- 9 | 10-12 | 13-15 || total
---------------------------+-------+-------+-------+-------+-------++-------
  Melee: Mace              |    55 |    76 |   443 |   803 |    27 ||  1404
         Bite              |     2 |     9 |    53 |   138 |    97 ||   299
         Punch             |       |     1 |    13 |       |       ||    14
         Whip              |       |       |       |       |   530 ||   530
  Throw: Boomerang         |     3 |       |       |    28 |       ||    31
   Cast: Sandblast         |       |       |       |     1 |       ||     1
 Invoke: Heroism           |       |       |     1 |     7 |     1 ||     9
         Finesse           |       |       |       |     5 |     1 ||     6
    Use: Scroll            |     5 |       |     7 |     8 |       ||    20
         Potion            |       |       |     3 |     3 |     2 ||     8
   Stab: Sleeping          |     8 |       |    10 |     9 |     1 ||    28
         Distracted        |       |       |       |     3 |       ||     3
 Armour: Robe              |    21 |       |       |       |       ||    21
         Ring mail         |     1 |    83 |   301 |   512 |   145 ||  1042
  Dodge: Dodged            |    21 |    65 |   251 |   520 |   187 ||  1044
  Block: Buckler           |       |       |    39 |   307 |   229 ||   575
         Reflection        |       |       |       |     1 |     1 ||     2
